AoeStats
← Tizon

Hill Fort

505167238Analyzed
3v3 RM · 23d ago on Sep 8, 2026· 60m 3s· 6 players
Game mode
Random Map
Map size
Normal (6 player)
Population
200
Speed
Normal
Resources
Standard
Victory
Conquest
Starting age
Dark Age
Ending age
Imperial Age
RankedLock teamsTeams togetherTeam positionsShared explorationLock speedFull tech treeHidden civsTurbo modeCheats
Victory
Defeat
🇨🇴 Maya · Colombia
1483
+9
🇨🇴 Wei · Colombia
1269
+18
🇨🇴 Malay · Colombia
1268
+18
🇵🇪 Inca · Peru
1342
-16
🇦🇷 Saracens · Argentina
1310
-15
🇦🇷 Cumans · Argentina
1286
-14
juanjemer
10:53 Feudal Age
15:29 Castle Age
13:49 Double-Bit Axe
14:54 Loom
15:47 Gold Mining
17:06 Bow Saw
17:03 Horse Collar
21:40 Crossbowman
22:14 Fletching
23:34 Bodkin Arrow
29:19 Heavy Plow
30:50 Wheelbarrow
30:00 Town Watch
31:59 Hand Cart
36:21 Imperial Age
36:35 Arbalester
37:19 Bracer
42:21 Conscription
42:18 Stone Mining
43:06 Scale Barding Armor
44:01 Husbandry
44:11 Bloodlines
45:54 Siege Engineers
46:00 Masonry
46:40 Forging
47:27 Light Cavalry
50:43 Iron Casting
50:25 Elite Skirmisher
52:47 Chemistry
52:08 Ballistics
53:45 Padded Archer Armor
53:15 Hussar
54:17 Chain Barding Armor
55:16 Thumb Ring
58:32 Two-Man Saw
Mysa_
7:02 Loom
9:19 Feudal Age
10:16 Double-Bit Axe
10:13 Horse Collar
18:01 Wheelbarrow
22:53 Castle Age
23:32 Scale Barding Armor
24:56 Forging
33:08 Chain Barding Armor
32:49 Town Watch
34:09 Bloodlines
34:35 Iron Casting
34:55 Heavy Plow
38:50 Imperial Age
38:54 Hand Cart
40:13 Cavalier
41:30 Plate Barding Armor
44:10 Blast Furnace
44:27 Bow Saw
48:00 Elite Steppe Lancer
57:09 Caravan
58:12 Light Cavalry
59:23 Town Patrol
59:00 Hussar
LAO9
12:13 Feudal Age
13:16 Horse Collar
13:24 Double-Bit Axe
19:43 Castle Age
17:29 Loom
18:25 Forging
18:08 Fletching
18:51 Scale Mail Armor
18:13 Champi Runner
19:10 Forging
19:41 Gold Mining
20:19 Bodkin Arrow
21:06 Chain Mail Armor
20:14 Champi Warrior
24:17 Wheelbarrow
29:56 Iron Casting
30:08 Arson
31:55 Town Watch
35:04 Hand Cart
35:02 Town Patrol
36:45 Bodkin Arrow
42:28 Imperial Age
41:15 Heavy Plow
43:48 Plate Mail Armor
42:40 Elite Champi Warrior
44:14 Conscription
45:50 Blast Furnace
44:51 Bracer
46:08 Crop Rotation
45:48 Bow Saw
47:18 Fabric Shields
48:47 Gold Shaft Mining
49:30 Squires
55:29 Pikeman
59:07 Caravan
59:50 Siege Engineers
Splattcol
10:59 Feudal Age
10:31 Horse Collar
10:37 Double-Bit Axe
18:27 Castle Age
18:32 Bow Saw
18:36 Loom
18:56 Gold Mining
20:22 Forging
29:50 Iron Casting
33:22 Wheelbarrow
32:49 Town Watch
33:33 Heavy Plow
36:03 Thalassocracy
37:26 Hand Cart
41:23 Imperial Age
40:10 Scale Barding Armor
40:11 Elite Battle Elephant
41:53 Blast Furnace
40:56 Husbandry
41:18 Conscription
41:39 Crop Rotation
44:49 Caravan
48:37 Siege Engineers
48:45 Masonry
49:56 Treadmill Crane
50:38 Arson
50:54 Squires
51:32 Fletching
52:04 Ballistics
52:44 Chemistry
51:49 Man-at-Arms
52:44 Forced Levy
52:43 Long Swordsman
53:16 Two-Handed Swordsman
59:55 Sappers
MrDiiego/twitch.tv
0:30 Loom
9:42 Feudal Age
13:32 Castle Age
12:04 Double-Bit Axe
13:56 Fletching
18:43 Bodkin Arrow
22:31 Ballistics
22:53 Bow Saw
24:30 Padded Archer Armor
26:04 Horse Collar
33:19 Thumb Ring
36:27 Wheelbarrow
38:09 Heavy Plow
43:27 Imperial Age
41:33 Leather Archer Armor
41:19 Scale Mail Armor
43:40 Chain Mail Armor
43:35 Forging
42:46 Pikeman
43:45 Squires
45:34 Chemistry
45:31 Bracer
45:34 Halberdier
47:18 Elite Plumed Archer
48:19 Conscription
48:40 Hand Cart
48:11 Town Watch
49:02 Plate Mail Armor
50:27 Iron Casting
50:22 Ring Archer Armor
50:30 Caravan
50:17 Eagle Warrior
52:32 Holcans
51:59 Elite Eagle Warrior
55:37 Blast Furnace
Tizon
1:34 Loom
7:07 Loom
9:53 Feudal Age
11:14 Double-Bit Axe
11:17 Horse Collar
16:46 Wheelbarrow
20:12 Castle Age
18:58 Stone Mining
18:58 Gold Mining
21:20 Bow Saw
22:18 Gold Shaft Mining
22:19 Stone Shaft Mining
21:47 Heavy Plow
23:51 Scale Barding Armor
23:40 Fletching
27:30 Hand Cart
27:35 Bloodlines
29:12 Forging
29:13 Bodkin Arrow
31:23 Ballistics
31:16 Masonry
30:46 Treadmill Crane
32:35 Chain Barding Armor
33:49 Iron Casting
34:53 Tuntian
37:30 Imperial Age
36:48 Fortified Wall
37:36 Thumb Ring
39:31 Blast Furnace
38:07 Capped Ram
38:18 Elite Tiger Cavalry
39:19 Conscription
40:18 Crop Rotation
40:36 Ming Guang Armor
40:51 Parthian Tactics
41:29 Heavy Hei Guang Cavalry
42:11 Husbandry
41:33 Light Cavalry
43:42 Bracer
44:46 Chemistry
43:42 Murder Holes
45:52 Hoardings
46:11 Hoardings
46:25 Elite Skirmisher
47:26 Padded Archer Armor
48:27 Leather Archer Armor
50:41 Siege Ram
52:25 Caravan
56:00 Hussar
Connection lost

Rejoining the realm…

Still unreachable

The connection could not be restored.

Session expired

The server has moved on; the page needs a fresh start.